 Dungeon Crawl Stone Soup version 0.22-a0-419-g492bfec (webtiles) character file.

155 Kairos the Chopper (level 5, 0/38 HPs)
             Began as a Demonspawn Gladiator on May 15, 2018.
             Killed from afar by an orc wizard (2 damage)
             ... with a magic dart
             ... on level 3 of the Dungeon.
             The game lasted 00:01:48 (1104 turns).

Kairos the Chopper (Demonspawn Gladiator)           Turns: 1104, Time: 00:01:48

Health: 0/38       AC:  8    Str: 15    XL:     5   Next: 14%
Magic:  5/5        EV: 13    Int: 10    God:
Gold:   185        SH:  0    Dex: 14    Spells: 4/4 levels left

rFire    . . .     SeeInvis .   a - +0 war axe
rCold    . . .     Gourm    .   (no shield)
rNeg     . . .     Faith    .   b - +0 leather armour
rPois    .         Spirit   .   c - +0 helmet
rElec    .         Reflect  .   (no cloak)
rCorr    .         Harm     .   (no gloves)
MR       .....                  m - +1 pair of boots
Stlth    ..........             (no amulet)
HPRegen  0.12/turn              h - ring of loudness (curse)
MPRegen  0.09/turn              n - ring of flight

@: no status effects
A: hooves 1, yellow scales 1, spiny 1
a: Evoke Flight


You were on level 3 of the Dungeon.
You were hungry.

You visited 1 branch of the dungeon, and saw 3 of its levels.

You collected 185 gold pieces.

Inventory:

Hand Weapons
 a - a +0 war axe (weapon)
Missiles
 d - 3 throwing nets (quivered)
Armour
 b - a +0 leather armour (worn)
 c - a +0 helmet (worn)
 m - a +1 pair of boots (worn)
Jewellery
 h - a cursed ring of loudness (left hand)
 n - a ring of flight (right hand)
Scrolls
 i - a scroll of identify {unknown}
 j - 2 scrolls of enchant armour {unknown}
 k - a scroll of amnesia {unknown}
 l - a scroll of remove curse {unknown}
 o - 2 scrolls of random uselessness {unknown}
Potions
 e - a potion of brilliance {unknown}
 g - a potion of resistance {unknown}
 p - a potion of haste {unknown}
 q - a potion of agility {unknown}
Comestibles
 f - 4 rations


   Skills:
 + Level 2.2 Fighting
 + Level 4.2 Axes
 + Level 1.8 Throwing
 + Level 1.3 Armour
 + Level 3.6 Dodging
 + Level 0.1 Stealth


You had 4 spell levels left.
You didn't know any spells.
Your spell library was empty.

Dungeon Overview and Level Annotations

Branches:
Dungeon (3/15)

Altars:


Innate Abilities, Weirdness & Mutations

You have large cloven feet.
You are partially covered in yellow scales. (AC +2)
You are partially covered in sharp spines.


Message History

The orc wizard is struck by your spines.
The orc wizard hits you but does no damage.
The orc wizard gestures at you while chanting.
The magic dart hits you!
* * * LOW HITPOINT WARNING * * *
You are too injured to fight recklessly!
Unknown command.
You are too injured to fight recklessly!
Unknown command.
You are too injured to fight recklessly!
Unknown command.
You are too injured to fight recklessly!
You are too injured to fight recklessly!
The orc wizard closely misses you. The orc wizard casts a spell at you.
The magic dart hits you!
* * * LOW HITPOINT WARNING * * *
The orc wizard casts a spell at you. The magic dart hits you!
You die...

# #...# #. #...# #
#.## ##..## # ...
####...# #
#.###....#.# #
#..#.))###o## ####
#.>.#.###..######
...###..##.#.........#
##†.#..##.(#..)o@.<..#
###.......##.........#
##[....#..##.........#
#..##......#.........#
... .................#
.....................#
.........>...........#
.)...................#
..# .......


You could see 2 orc wizards.

Vanquished Creatures
  2 orc wizards (D:3)
  3 adders
  3 oozes
  A worm (D:2)
  A dart slug (D:1)
  An orc (D:3)
  4 giant cockroaches
  9 goblins
  8 hobgoblins
  4 kobolds
  2 quokkas (D:2)
  A ball python (D:2)
  2 bats (D:2)
  4 frilled lizards
  11 rats
  A fungus (D:2)
57 creatures vanquished.

Vanquished Creatures (others)
  A fungus (D:2)
1 creature vanquished.

Grand Total: 58 creatures vanquished

Notes
Turn   | Place    | Note
-------+----------+-------------------------------------------
     0 | D:1      | Kairos the Demonspawn Gladiator began the quest for the Orb.
     0 | D:1      | Reached XP level 1. HP: 16/16 MP: 1/1
    85 | D:1      | Gained mutation: You are partially covered in sharp spines. [demonic ancestry]
    85 | D:1      | Reached XP level 2. HP: 19/22 MP: 2/2
   301 | D:1      | Reached skill level 3 in Axes
   474 | D:2      | Gained mutation: You have large cloven feet. [demonic ancestry]
   474 | D:2      | Reached XP level 3. HP: 19/27 MP: 3/3
   979 | D:2      | Reached XP level 4. HP: 33/33 MP: 4/4
  1036 | D:3      | Reached skill level 1 in Armour
  1099 | D:3      | Reached skill level 4 in Axes
  1100 | D:3      | Gained mutation: You are partially covered in yellow scales. (AC +2) [demonic ancestry]
  1100 | D:3      | Reached XP level 5. HP: 23/38 MP: 5/5
  1104 | D:3      | Killed from afar by an orc wizard

Vault maps used:
D:1:      dpeg_arrival_three_same_balls
D:2:      first_ration, minmay_gold_behind_fungi, minmay_shallow_snake_nest
D:3:      lemuel_coloured_pillars_altar

Skill      XL: |  1  2  3  4 |
---------------+-------------+-----
Dodging        | 3 |  3.6
Axes           | 3 4 |  4.2
Armour         | 1 |  1.3
Fighting       | |  2.2
Throwing       | |  1.8
Stealth        | |  0.1

Action                   |  1- 3 |  4- 6 || total
-------------------------+-------+-------++-------
Melee: War axe           |    86 |    23 ||   109
Armor: Leather armour    |    30 |    10 ||    40
Dodge: Dodged            |    65 |    15 ||    80

Table legend:
 A = Spawn XP
 B = Non-spawn XP
 C = Spawn XP percentage of total XP
 D = Spawn monster count
 E = Non-spawn monster count
 F = Spawn count percentage of total count
 G = Total turns spent on level
                    A         B        C        D         E        F      G
               +---------+---------+-------+---------+---------+-------+---------
         Total |       0 |     222 |   0.0 |       0 |      56 |   0.0 |  1104
               +---------+---------+-------+---------+---------+-------+---------
           D:1 |       0 |      32 |   0.0 |       0 |      16 |   0.0 |   464
           D:2 |       0 |      75 |   0.0 |       0 |      26 |   0.0 |   560
           D:3 |       0 |     115 |   0.0 |       0 |      14 |   0.0 |    80
               +---------+---------+-------+---------+---------+-------+---------
